 Dungeon Crawl Stone Soup version 0.25-a0-378-gd2ca0b7745 (console) character file.

Game seed: 2680085965249323478, levelgen mode: deterministic

45 Kagalorn the Sneak (level 3, -1/46 HPs)
             Began as a Naga Arcane Marksman on Jan 7, 2020.
             Slain by an adder (3 damage)
             ... on level 2 of the Dungeon.
             The game lasted 00:04:58 (1294 turns).

Kagalorn the Sneak (Naga Arcane Marksman)           Turns: 1294, Time: 00:04:58

Health: -1/46      AC: 21    Str: 18    XL:     3   Next: 64%
Magic:  4/4        EV:  1    Int: 13    God:
Gold:   41         SH:  0    Dex: 11    Spells: 3/4 levels left

rFire    . . .     SeeInvis +   b - +0 trident
rCold    . . .     Gourm    .   (no shield)
rNeg     + + +     Faith    .   (armour currently unavailable)
rPois    +         Spirit   .   (helmet currently unavailable)
rElec    .         Reflect  .   (cloak currently unavailable)
rCorr    .         Harm     .   (gloves currently unavailable)
MR       .....     NoTele   +   (no barding)
Stlth    +++.......             (no amulet)
HPRegen  0.15/turn              (no ring)
MPRegen  0.09/turn              (no ring)

@: mighty, lethally poisoned (-1 -> -3), tree-form
A: large, see invisible, slow metabolism 1, spit poison 1, AC +1
a: Spit Poison


You were on level 2 of the Dungeon.
You were not hungry.
You were a tree.
You visited 1 branch of the dungeon, and saw 2 of its levels.

You collected 41 gold pieces.

Inventory:

Hand Weapons
 a - a +0 hand crossbow
 b - a +0 trident (weapon)
Missiles
 d - 20 bolts
Armour
 e - a +0 robe (melded)
Scrolls
 g - a scroll of amnesia {unknown}
 h - a scroll of remove curse {unknown}
 j - a scroll of enchant weapon {unknown}
Comestibles
 f - 5 rations
 k - a chunk of flesh


   Skills:
 - Level 1.0 Fighting
 - Level 1.7 Crossbows
 - Level 1.5 Dodging
 * Level 5.1 Stealth
 - Level 1.0 Spellcasting
 - Level 3.0 Hexes


You had 3 spell levels left.
You knew the following spells:

 Your Spells              Type           Power        Failure   Level  Hunger
a - Corona                Hex            #......      9%          1    ##.....

Your spell library contained the following spells:

 Spells                   Type           Power        Failure   Level  Hunger
 Slow                     Hex            #.......     12%         2    ###....
 Inner Flame              Hex/Fire       #.......     41%         3    ####...
 Portal Projectile        Hex/Tloc       #.....       41%         3    ####...
 Cause Fear               Hex            #.........   63%         4    #####..
 Leda's Liquefaction      Hex/Erth       #.........   83%         4    #####..


Dungeon Overview and Level Annotations

Branches:
Dungeon (2/15)

Altars:


Innate Abilities, Weirdness & Mutations

You cannot wear boots.
((Your serpentine skin is tough. (AC +1)))
You have supernaturally acute eyesight. (SInv)
((Armour fits poorly on your strangely shaped body.))
((Your system is resistant to poisons. (rPois)))
((You cover ground very slowly.))
You have a slow metabolism.
You can spit poison.


Message History

You feel very mighty all of a sudden.
You have got your breath back.
You feel sick. The bat hits you.
* * * LOW HITPOINT WARNING * * *
The adder bites you.
* * * LOW HITPOINT WARNING * * *
It was a potion of lignification.
You turn into a tree.
Your +0 robe melds into your body.
Your roots penetrate the ground.
The adder looks more healthy.
The bat hits you but does no damage. The adder bites you but does no damage.
Okay, then.
You closely miss the adder.
The adder is moderately wounded.
The bat hits you but does no damage.
The adder bites you but does no damage. x2
You miss the adder.
The adder is moderately wounded.
* * * LOW HITPOINT WARNING * * *
You feel sick. The bat hits you but does no damage.
The adder bites you but does no damage. The adder bites you.
You die...

. .# #. .##.# ... .##
..#.##..# ..##
#.#.#...# ###...
#.<....# .....#
##.....### ....##
##.bS..!...
#..#######..♣#
####............##.#.
##...)........$........
...####.....#######.#..
.#.##...###.###### #
...##.#.# #......#
####..#...######.#
..##.####.# #.# #....##
.# #.#


You could see an adder and a bat.

Vanquished Creatures
  A dart slug (D:2)
  2 leopard geckos
  A ball python (D:1)
  5 giant cockroaches
  A goblin (D:1)
  4 hobgoblins
  4 kobolds
  5 bats
  3 frilled lizards (D:1)
  18 rats (D:1)
44 creatures vanquished.

Notes
Turn   | Place    | Note
-------+----------+-------------------------------------------
     0 | D:1      | Kagalorn the Naga Arcane Marksman began the quest for the
                  | Orb.
     0 | D:1      | Reached XP level 1. HP: 18/18 MP: 2/2
    18 | D:1      | Reached skill level 1 in Stealth
    55 | D:1      | Reached skill level 2 in Stealth
    76 | D:1      | Reached XP level 2. HP: 20/25 MP: 3/3
   111 | D:1      | Reached skill level 3 in Stealth
   535 | D:1      | Reached skill level 4 in Stealth
   592 | D:1      | Reached XP level 3. HP: 31/31 MP: 4/4
  1241 | D:2      | Reached skill level 5 in Stealth
  1291 | D:2      | HP: 1/31 [adder (4)]
  1294 | D:2      | Slain by an adder

Levels and vault maps discovered:
D:1:      erik_arrival_orb_chamber, layout_basic, serial_forest,
          infiniplex_forest_straight_3, infiniplex_forest_fountain,
          infiniplex_forest_clump_long, infiniplex_forest_end_2,
          infiniplex_forest_lined_2, infiniplex_forest_clump_medium
D:2:      layout_rooms, chequers_ecumenical_altar_simple

Skill      XL: |  1  2  3 |
---------------+----------+-----
Stealth        | 2 4 5 |  5.1
Fighting       | |  1.0
Crossbows      | |  1.7
Dodging        | |  1.5
Spellcasting   | |  1.0
Hexes          | |  3.0

Action                   || total
-------------------------++-------
Melee: Unarmed           ||    15
       Dagger            ||    17
       Trident           ||    14
       Short sword       ||     1
 Abil: Spit Poison       ||    47
  Use: Potion            ||     2
 Stab: Sleeping          ||     4
  Eat: Chunk             ||     3
Armor: Robe              ||    12
       Skin              ||     7
Dodge: Dodged            ||    36

Table legend:
 A = Non-vault XP
 B = Vault XP
 C = Vault XP percentage of total XP
 D = Non-vault monster count
 E = Vault monster count
 F = Vault count percentage of total count
                 A         B        C        D         E       F
            +---------+---------+-------+---------+---------+-------
      Total |      53 |      12 |  18.5 |      32 |      12 |  27.3
            +---------+---------+-------+---------+---------+-------
        D:1 |      35 |      12 |  25.5 |      23 |      12 |  34.3
        D:2 |      18 |       0 |   0.0 |       9 |       0 |   0.0
            +---------+---------+-------+---------+---------+-------
